 Dungeon Sprint DCSS version 0.20-a0-641-g673355a (webtiles) character file.

794 Kidiri the Fighter (level 7, -6/69 HPs)
             Began as a Yellow Draconian Transmuter on Feb 13, 2017.
             Was a Believer of Qazlal.
             Mangled by a two-headed ogre
             ... wielding a +0 giant club
              (15 damage)
             ... in the Dungeon (Sprint IX: "|||||||||||||||||||||||||||||").
             The game lasted 00:05:18 (678 turns).

Kidiri the Fighter (Yellow Draconian Transmuter)     Turns: 678, Time: 00:05:19

Health: -6/69      AC:  7    Str: 12    XL:     7   Next: 58%
Magic:  4/15       EV: 17    Int: 17    God:    Qazlal [**....]
Gold:   0          SH:  2    Dex: 13    Spells: 1/16 levels left

rFire    . . .     SeeInvis .     - Unarmed
rCold    . . .     Gourm    .   (armour unavailable)
rNeg     . . .     Faith    .   (shield currently unavailable)
rPois    .         Spirit   .   (helmet restricted)
rElec    .         Reflect  .   m - +0 cloak
rCorr    +         Harm     .   (gloves currently unavailable)
MR       .....     NoTele   +   (no boots)
Stlth    +.........             (no amulet)
Regen    0.3/turn               p - +2 ring of evasion
MPRegen  0.2/turn               o - +3 ring of intelligence

@: blade hands, very slightly contaminated, hasted, very quick
A: spit acid, acid resistance, unfitting armour, cold-blooded, AC +6
a: Breathe Acid, End Transformation, Upheaval, Renounce Religion


You were in the Dungeon.
You worshipped Qazlal.
Qazlal was pleased with you.
You were hungry.
You had blades for hands.
You visited 1 branch

Inventory:

Missiles
 a - 12 arrows
Armour
 m - a +0 cloak (worn)
 n - a +0 pair of gloves (melded)
Jewellery
 o - a +3 ring of intelligence (left scythe-like blade)
 p - a +2 ring of evasion (right scythe-like blade)
Wands
 l - a wand of acid (7/15)
Scrolls
 i - 2 scrolls of blinking
 j - 3 scrolls of remove curse
 k - 2 scrolls of amnesia
Potions
 d - a potion of invisibility
 g - 4 potions of magic
 h - 4 potions of curing
Books
 b - a book of Changes

   Spells                             Type                      Level
   a - Beastly Appendage              Transmutation                1
   b - Sticks to Snakes               Transmutation                2
   c - Spider Form                    Transmutation/Poison         3
   d - Ice Form                       Ice/Transmutation            4
   e - Blade Hands                    Transmutation                5
Comestibles
 c - a bread ration


   Skills:
 * Level 8.9 Fighting
 + Level 5.4 Dodging
 * Level 8.7 Unarmed Combat
 + Level 5.4 Spellcasting
 * Level 8.4 Transmutations
 + Level 4.5 Poison Magic


You had one spell level left.
You knew the following spells:

 Your Spells              Type           Power        Failure   Level  Hunger
a - Beastly Appendage     Tmut           ####..       12%         1    None
b - Sticks to Snakes      Tmut           ####....     14%         2    #......
c - Spider Form           Tmut/Pois      ####......   28%         3    ##.....
d - Ice Form              Ice/Tmut       ###.....     67%         4    ####...
e - Blade Hands           Tmut           ####......   54%         5    ######.


Dungeon Overview and Level Annotations

Branches:
Dungeon (1/1)

Altars:
Cheibriados
Dithmenos
Elyvilon
Fedhas
Gozag
Hepliaklqana
Kikubaaqudgha
Makhleb
Nemelex Xobeh
Okawaru
Qazlal
Ru
Sif Muna
Trog
Uskayaw
Vehumet
Xom
Yredelemnul
Zin
The Shining One
Beogh
Jiyva
Lugonu


Innate Abilities, Weirdness & Mutations

You can spit globs of acid.
You are resistant to acid.
Your golden yellow scales are hard. (AC +6)
You cannot fit into any form of body armour.
You are cold-blooded and may be slowed by cold attacks.


Message History

There is a snail-covered altar of Cheibriados here.
There is a roughly hewn altar of Beogh here.
There is an open door to the Temple here.
There is an open door, spattered with blood here.
You are feeling hungry.
Casting: Blade Hands
Confirm with . or Enter, or press ? or * to list all spells.
Your hands turn into razor-sharp scythe blades.
Your +0 pair of gloves melds into your body.
The two-headed ogre hits you with a giant club!
* * * LOW HITPOINT WARNING * * *
The two-headed ogre hits you with a giant club.
* * * LOW HITPOINT WARNING * * *
You feel yourself speed up.
You are very lightly contaminated with residual magic.
Unknown command.
You slice the two-headed ogre!!
The two-headed ogre is heavily wounded.
The two-headed ogre hits you with a giant club!
You die...

▓_▓
▓'▓
▓.▓
▓.▓
▓.▓
▓.▓
▓.▓
▓O▓
▓@▓
▓.▓
▓.▓
▓.▓
▓)▓
▓'▓
▓.▓
▓.▓
▓.▓


You could see a two-headed ogre.

Vanquished Creatures
  A komodo dragon (D)
  A troll (D)
  A yak (D)
  2 crimson imps (D)
  A hound (D)
  2 worker ants (D)
  A bat (D)
  A bat skeleton (D)
  A bat zombie (D)
  2 hobgoblins (D)
  A quokka (D)
  A frilled lizard (D)
  2 rats (D)
17 creatures vanquished.

Notes
Turn   | Place    | Note
-------+----------+-------------------------------------------
     0 | D        | Kidiri the Draconian Transmuter began the quest for the Orb.
     0 | D        | Reached XP level 1. HP: 16/16 MP: 3/3
    63 | D        | Noticed a crimson imp
    63 | D        | Noticed a crimson imp
    63 | D        | Noticed a hound
    75 | D        | Killed a hound
    75 | D        | Reached XP level 2. HP: 19/26 MP: 3/5
    75 | D        | Reached XP level 3. HP: 23/31 MP: 3/6
   152 | D        | Reached XP level 4. HP: 15/41 MP: 6/8
   153 | D        | Reached skill level 5 in Fighting
   153 | D        | Reached skill level 5 in Unarmed Combat
   164 | D        | Learned a level 2 spell: Sticks to Snakes
   168 | D        | Learned a level 3 spell: Spider Form
   178 | D        | Found a roughly hewn altar of Beogh.
   178 | D        | Found a snail-covered altar of Cheibriados.
   178 | D        | Found a shadowy altar of Dithmenos.
   178 | D        | Found a white marble altar of Elyvilon.
   178 | D        | Found a blossoming altar of Fedhas.
   178 | D        | Found an opulent altar of Gozag.
   179 | D        | Found a hazy altar of Hepliaklqana.
   180 | D        | Found a viscous altar of Jiyva.
   181 | D        | Found an ancient bone altar of Kikubaaqudgha.
   182 | D        | Found a corrupted altar of Lugonu.
   183 | D        | Found a burning altar of Makhleb.
   184 | D        | Found a sparkling altar of Nemelex Xobeh.
   185 | D        | Found an iron altar of Okawaru.
   186 | D        | Found a stormy altar of Qazlal.
   187 | D        | Found a sacrificial altar of Ru.
   188 | D        | Found a deep blue altar of Sif Muna.
   189 | D        | Found a bloodstained altar of Trog.
   190 | D        | Found a hide-covered altar of Uskayaw.
   191 | D        | Found a radiant altar of Vehumet.
   192 | D        | Found a shimmering altar of Xom.
   193 | D        | Found a basalt altar of Yredelemnul.
   194 | D        | Found a glowing silver altar of Zin.
   195 | D        | Found a glowing golden altar of the Shining One.
   216 | D        | Became a worshipper of Qazlal Stormbringer
   406 | D        | Noticed a yak
   406 | D        | Noticed a komodo dragon
   426 | D        | Killed a komodo dragon
   426 | D        | Reached XP level 5. HP: 52/52 MP: 8/11
   426 | D        | Reached XP level 6. HP: 60/60 MP: 8/12
   436 | D        | Killed a yak
   436 | D        | Your scales start taking on a golden yellow colour.
   436 | D        | Reached XP level 7. HP: 35/68 MP: 6/14
   442 | D        | Reached * piety under Qazlal
   445 | D        | Reached skill level 5 in Spellcasting
   449 | D        | Reached skill level 5 in Dodging
   451 | D        | Reached ** piety under Qazlal
   497 | D        | Learned a level 4 spell: Ice Form
   503 | D        | Learned a level 5 spell: Blade Hands
   603 | D        | Noticed a two-headed ogre
   603 | D        | Noticed a two-headed ogre
   603 | D        | Noticed a troll
   617 | D        | Killed a troll
   678 | D        | Mangled by a two-headed ogre

Vault maps used:
D:        linesprint

Skill      XL: |  1  2  3  4  5  6  7 |
---------------+----------------------+-----
Fighting       | 3 4 7 8 |  8.9
Dodging        | 2 3 4 5 |  5.4
Unarmed Combat | 4 7 8 |  8.7
Transmutations | 3 4 7 8 |  8.4
Spellcasting   | 3 4 5 |  5.4
Poison Magic   | 3 4 |  4.5

Action                   |  1- 3 |  4- 6 |  7- 9 || total
-------------------------+-------+-------+-------++-------
Melee: Unarmed           |    79 |    15 |    33 ||   127
       Tailslap          |     8 |       |     2 ||    10
       Kick              |     3 |       |       ||     3
       Headbutt          |     1 |       |     1 ||     2
 Cast: Beastly Appendage |     4 |       |     1 ||     5
       Spider Form       |       |     2 |       ||     2
       Blade Hands       |       |       |     2 ||     2
Invok: Upheaval          |       |       |     1 ||     1
 Abil: Breathe Acid      |       |       |     1 ||     1
  Use: Potion            |     3 |       |     3 ||     6
Armor: Skin              |    20 |       |     5 ||    25
Dodge: Dodged            |    53 |    11 |    40 ||   104
Block: Other             |       |       |     6 ||     6
